 Dungeon Crawl Stone Soup version 0.31-a0-978-g1e143483b6 (webtiles) character file.

Game seed: 8504497500465316088

41 Kuronicle the Trooper (level 3, -12/40 HPs)
             Began as an Ogre Fighter on Oct 30, 2023.
             Mangled by Crazy Yiuf
             ... wielding a +4 quarterstaff of chaos
              (16 damage)
             ... on level 2 of the Dungeon.
             The game lasted 00:02:28 (1341 turns).

Kuronicle the Trooper (Ogre Fighter)                Turns: 1341, Time: 00:02:29

Health: -12/40     AC:  3    Str: 28    XL:     3   Next: 52%
Magic:  1/3        EV:  9    Int:  9    God:
Gold:   90         SH:  7    Dex:  8    Spells: 2/2 levels left

rFire   . . .        a - +0 war axe
rCold   . . .        c - +0 kite shield
rNeg    . . .        b - +0 robe
rPois   .            (helmet restricted)
rElec   .            (no cloak)
rCorr   .            (gloves unavailable)
SInv    .            (boots unavailable)
Will    .....        (no amulet)
Stlth   +            i - +6 ring of strength
HPRegen 0.26/turn    (no ring)
MPRegen 0.08/turn

%: no passive effects
@: mighty, lethally poisoned (-12 -> -14)
A: large, unfitting armour, tough skin 1
a: no special abilities


You were on level 2 of the Dungeon.
You visited 1 branch of the dungeon, and saw 2 of its levels.

You collected 90 gold pieces.

Inventory:

Hand Weapons
 a - a +0 war axe (weapon)
Armour
 b - a +0 robe (worn)
 c - a +0 kite shield (worn)
 e - a +0 pair of gloves
Jewellery
 i - a +6 ring of strength (left hand)
Scrolls
 f - a scroll of enchant armour {unknown}
 g - a scroll of teleportation {unknown}
Potions
 d - a potion of might
 h - a potion of curing {unknown}


   Skills:
 + Level 4.6 Fighting
 + Level 2.6 Axes
 + Level 3.0 Dodging
 + Level 3.2 Shields


You had 2 spell levels left.
You didn't know any spells.
Your spell library was empty.

Dungeon Overview and Level Annotations

Branches:
Dungeon (2/15)

Altars:

Annotations:
D:2 Crazy Yiuf


Innate Abilities, Weirdness & Mutations

You are too large for most types of armour.
You have tough skin. (AC +1)


Message History

* * * LOW HITPOINT WARNING * * *
The quokka bites you.
* * * LOW HITPOINT WARNING * * *
You slash the quokka!
You kill the quokka!
You start resting.
HP restored.
You start waiting.
Done waiting.
You now have 77 gold pieces (gained 12).
You see here a +0 helmet.
You see here a +0 helmet.
Found a stone staircase leading down.
i - a +6 ring of strength You feel stronger.
i - a +6 ring of strength (left hand)
There is a stone staircase leading down here.
You now have 90 gold pieces (gained 13).
Found a hammer.
Found a runed translucent door.
No target in view!
No target in view!
You open the door.
Crazy Yiuf whimpers, "Paint meccalolo head!"
You barely miss Crazy Yiuf.
Crazy Yiuf hits you with a +4 quarterstaff of chaos!
You feel very mighty all of a sudden.
You barely miss Crazy Yiuf.
Crazy Yiuf hits you with a +4 quarterstaff of chaos!
You are poisoned.
Crazy Yiuf cries, "Hah chair stair!"
You block Crazy Yiuf's attack.
You barely miss Crazy Yiuf.
You feel sick.
Crazy Yiuf hits you with a +4 quarterstaff of chaos!
* * * LOW HITPOINT WARNING * * *
You feel your power leaking away.
You closely miss Crazy Yiuf.
* * * LOW HITPOINT WARNING * * *
You feel sick.
Crazy Yiuf hits you with a +4 quarterstaff of chaos!
You die...

>########..###....#
...........# #....#
.#####.##### #..PP#
## #.# #..P## #.#
##.## #.# #.## #.#
##.# #.# #.## #.#
##@# #.# #g# ...
#...# #..)# #####


You could see Crazy Yiuf.

Vanquished Creatures
  An adder (D:2)
  2 dart slugs (D:1)
  A ball python (D:2)
  2 endoplasms (D:1)
  A giant cockroach (D:2)
  A goblin (D:1)
  2 hobgoblins (D:1)
  2 jackals (D:1)
  3 quokkas
  3 bats (D:1)
  4 kobolds
  6 rats
28 creatures vanquished.

Notes
Turn   | Place    | Note
-------+----------+-------------------------------------------
     0 | D:1      | Kuronicle the Ogre Fighter began the quest for the Orb.
     0 | D:1      | Reached XP level 1. HP: 24/24 MP: 1/1
   266 | D:1      | Reached XP level 2. HP: 21/32 MP: 2/2
   684 | D:1      | Reached XP level 3. HP: 37/40 MP: 3/3
  1333 | D:2      | Found a runed translucent door.
  1334 | D:2      | Noticed Crazy Yiuf
  1341 | D:2      | Mangled by Crazy Yiuf

Illustrated notes

Levels and vault maps discovered:
D:1:      dpeg_cavernosity, layout_rooms, minmay_cupped
D:2:      layout_loops_ring, uniq_crazy_yiuf_cottage

Skill      XL: |  1  2 |
---------------+-------+-----
Dodging        | 3 |  3.0
Fighting       | |  4.6
Axes           | |  2.6
Shields        | |  3.2

Action                     || total
---------------------------++-------
  Melee: War axe           ||    78
 Armour: Robe              ||    67
  Dodge: Dodged            ||    32
  Block: Kite shield       ||    39

Table legend: (Time is in decaauts)
 A = Elapsed time spent in this place.
 B = Non-inter-level travel time spent in this place.
 C = Inter-level travel time spent in this place.
 D = Time resting spent in this place.
 E = Time spent auto-exploring this place.
 F = Levels seen in this place.
 G = Mean time per level.
                   A        B        C        D        E       F      G
               +--------+--------+--------+--------+--------+-----+--------+
         Total |   1380 |   1380 |      0 |    345 |    724 |   2 |  690.0 |
       Dungeon |   1380 |   1380 |      0 |    345 |    724 |   2 |  690.0 |
               +--------+--------+--------+--------+--------+-----+--------+

Top non-repeatable levels by time:
     D:1: 804 daAuts
     D:2: 576 daAuts
